 Dungeon Crawl Stone Soup version 0.27.1 (webtiles) character file.

Game seed: 5114525241589897338

11 spiderkeys the Magician (level 2, 0/20 HPs)
             Began as a Human Hedge Wizard on Aug 28, 2021.
             Slain by a jackal (2 damage)
             ... on level 1 of the Dungeon.
             The game lasted 00:02:09 (790 turns).

spiderkeys the Magician (Human Hedge Wizard)         Turns: 790, Time: 00:02:10

Health: 0/20       AC:  3    Str: 10    XL:     2   Next: 40%
Magic:  3/6        EV: 12    Int: 14    God:
Gold:   21         SH:  0    Dex: 12    Spells: 6/7 levels left

rFire    . . .     SeeInvis .   a - +0 dagger
rCold    . . .     Faith    .   (no shield)
rNeg     . . .     Spirit   .   b - +0 robe
rPois    .         Reflect  .   c - +1 hat
rElec    .         Harm     .   (no cloak)
rCorr    .         Rampage  .   (no gloves)
Will     .....                  (no boots)
Stlth    ++........             (no amulet)
HPRegen  0.06/turn              (no ring)
MPRegen  0.10/turn              (no ring)

@: no status effects
A: no striking features
a: no special abilities


You were on level 1 of the Dungeon.
You visited 1 branch of the dungeon, and saw 1 of its levels.

You collected 21 gold pieces.


   Skills:
 + Level 0.4 Fighting
 + Level 2.1 Dodging
 + Level 2.2 Stealth
 + Level 3.0 Spellcasting
 + Level 1.2 Conjurations
 - Level 1.0 Summonings
 + Level 1.2 Translocations


You had 6 spell levels left.
You knew the following spells:

 Your Spells              Type           Power      Damage    Failure   Level
m - Magic Dart            Conj           20%        1d4       13%         1

Your spell library contained the following spells:

 Spells                   Type           Power      Damage    Failure   Level
 Blink                    Tloc           N/A        N/A       19%         2
 Call Imp                 Summ           4%         N/A       22%         2
 Slow                     Hex            2%         N/A       32%         2
 Conjure Flame            Conj/Fire      3%         6-21      45%         3
 Mephitic Cloud           Conj/Pois/Air  3%         N/A       47%         3

Inventory:

Hand Weapons
 a - a +0 dagger (weapon)
Missiles
 i - 24 stones
 j - 21 bolts
Armour
 b - a +0 robe (worn)
 c - a +1 hat (worn)
Scrolls
 d - 2 scrolls of immolation {!r!r}
Potions
 f - a potion of might {unknown}
 g - 2 potions of resistance

Dungeon Overview and Level Annotations

Branches:
Dungeon (1/15)

Altars:

########## .........#
########.# ######.####
..g###########..........
h....bJ@hhK.....########
.
...#######...####♣♣♣♣≈≈≈
#h #####h..### #♣♣≈≈≈≈≈≈
.. ##### #.....###
#≈≈≈≈≈≈≈.
#.#...#####..K.##
####≈≈≈≈≈8≈
#...#...#......#
#..####.≈≈≈
#####.....#....#
#...'<#...#
#...###.......#
#<..###..## #...#
#.......# #.....'..#.


You could see an endoplasm, 3 jackals, a hobgoblin, a bat and a kobold.


Message History

There is an escape hatch in the floor here.
Things that are here:
a +0 dagger; a goblin corpse
Found a stone staircase leading down.
You now have 21 gold pieces (gained 13).
A jackal comes into view.
The jackal barks!
You hear a bark!
You hear a shout! x2
A kobold comes into view. It is wielding a +0 dagger.
You hear a bark!
You miscast Magic Dart.
You are very lightly contaminated with residual magic.
Nothing appears to happen.
You hear a bark!
The jackal bites you but does no damage. 😎 MP[-1]
You lost 1 mp, and now have 5/6 mp.
The magic dart hits the jackal.
The jackal bites you.
A jackal comes into view. 😕 HP[-1] MP[-1]
You take 1 damage, and now have 19/20 hp.
You lost 1 mp, and now have 4/6 mp.
The magic dart hits the jackal.
The jackal completely misses you. The jackal barely misses you.
A jackal comes into view. 😕 MP[-1]
You lost 1 mp, and now have 3/6 mp.
The magic dart hits the jackal but does no damage.
The jackal barks!
You hear a shout!
The jackal bites you. 😕 HP[-2] MP[-1]
You take 2 damage, and now have 17/20 hp.
You lost 1 mp, and now have 2/6 mp.
The jackal bites you but does no damage.
You miscast Magic Dart.
Nothing appears to happen.
The jackal bites you. 😕 HP[-1] MP[-1]
You take 1 damage, and now have 16/20 hp.
You lost 1 mp, and now have 1/6 mp.
Casting: Magic Dart (safe; 13% risk of failure)
Confirm with . or Enter, or press ? or * to list all spells.
Aiming: Magic Dart (safe; 13% risk of failure)
Press: ? - help, Shift-Dir - straight line, f/p - jackal
Aim: a jackal (heavily wounded, 100% to hit)
The magic dart hits the jackal but does no damage.
The jackal barely misses you. The jackal bites you. 😮 HP[-2] MP[-1]
You take 2 damage, and now have 14/20 hp.
You lost 1 mp, and now have 0/6 mp.
Unknown command.
The jackal bites you. 😮 HP[-1] MP[+1]
You take 1 damage, and now have 13/20 hp.
As you read the scroll labelled HARUSCH ORHENT, it crumbles to dust.
It is a scroll of enchant armour.
Your +0 hat glows green for a moment.
The jackal bites you but does no damage.
The jackal barely misses you. 😮 HP[+1]
As you read the scroll labelled QIJID SUEMOPE, it crumbles to dust.
It is a scroll of identify.
g - 2 potions of resistance The jackal barely misses you.
The jackal closely misses you. x3
Your magical contamination has completely faded away.
The jackal misses you.
The kobold throws a stone.
The stone hits you but does no damage.
The jackal bites you but does no damage. 😮 MP[+1]
The jackal bites you. 😮 HP[-3]
You take 3 damage, and now have 11/20 hp.
An endoplasm comes into view.
The jackal barely misses you.
You closely miss the jackal. The jackal closely misses you.
A bat comes into view.
The endoplasm quivers.
You hit the jackal but do no damage.
The jackal bites you but does no damage.
You hit the jackal. The jackal bites you.
* * * LOW HITPOINT WARNING * * *
The jackal bites you but does no damage. 😨 HP[-2]
You take 2 damage, and now have 9/20 hp.
You barely miss the jackal. The jackal misses you.
A hobgoblin comes into view. 😨 HP[+1]
You closely miss the jackal. The jackal bites you.
* * * LOW HITPOINT WARNING * * *
The endoplasm freezes you.
You are frozen.
* * * LOW HITPOINT WARNING * * *
The jackal bites you.
* * * LOW HITPOINT WARNING * * *
😱 HP[-8] MP[+1]
You take 8 damage, and now have 2/20 hp.
MASSIVE DAMAGE!! (PAUSE) Unknown command.
You barely miss the jackal. The endoplasm barely misses you.
The jackal barely misses you.
You barely miss the jackal. The jackal bites you.
You die...

Action                   || total
-------------------------++-------
Melee: Dagger            ||    16
 Cast: Magic Dart        ||    24
  Use: Scroll            ||     3
Armor: Robe              ||    10
Dodge: Dodged            ||    19

Levels and vault maps discovered:
D:1:      sevenhm_arrival_forest_fort_small_5, layout_basic,
          minmay_indecisive_spiral

Notes
Turn   | Place    | Note
-------+----------+-------------------------------------------
     0 | D:1      | spiderkeys the Human Hedge Wizard began the quest for the
                  | Orb.
     0 | D:1      | Reached XP level 1. HP: 13/13 MP: 4/4
     0 | D:1      | magus.rc [v1.9.10]
   330 | D:1      | Reached XP level 2. HP: 20/20 MP: 0/6
   788 | D:1      | HP: 3/20 [frozen (5)]
   790 | D:1      | Slain by a jackal

Vanquished Creatures
  A dart slug (D:1)
  A ball python (D:1)
  2 bats (D:1)
  2 endoplasms (D:1)
  A goblin (D:1)
  A kobold (D:1)
  A rat (D:1)
9 creatures vanquished.

Table legend:
 A = Non-vault XP
 B = Vault XP
 C = Vault XP percentage of total XP
 D = Non-vault monster count
 E = Vault monster count
 F = Vault count percentage of total count
                 A         B        C        D         E       F
            +---------+---------+-------+---------+---------+-------
      Total |      17 |       0 |   0.0 |       9 |       0 |   0.0
            +---------+---------+-------+---------+---------+-------
        D:1 |      17 |       0 |   0.0 |       9 |       0 |   0.0
            +---------+---------+-------+---------+---------+-------

Illustrated notes

Table legend:
 A = Kills in this place as a percentage of kills in entire the game.
 B = Kills by you in this place as a percentage of kills by you in the entire game.
 C = Kills by friends in this place as a percentage of kills by friends in the entire game.
 D = Other kills in this place as a percentage of other kills in the entire game.
 E = Experience gained in this place as a percentage of experience gained in the entire game.
 F = Experience gained in this place divided by the number of levels of this place that you have seen.
                   A       B       C       D       E      F
               +-------+-------+-------+-------+-------+----------------------
         Total | 100.0 | 100.0 |   N/A |   N/A | 100.0 |  17.0
       Dungeon | 100.0 | 100.0 |   N/A |   N/A | 100.0 |  17.0
               +-------+-------+-------+-------+-------+----------------------

Table legend: (Time is in decaauts)
 A = Elapsed time spent in this place.
 B = Non-inter-level travel time spent in this place.
 C = Inter-level travel time spent in this place.
 D = Time resting spent in this place.
 E = Time spent auto-exploring this place.
 F = Levels seen in this place.
 G = Mean time per level.
                   A        B        C        D        E       F      G
               +--------+--------+--------+--------+--------+-----+--------+
         Total |    794 |    794 |      0 |     40 |    653 |   1 |  794.0 |
       Dungeon |    794 |    794 |      0 |     40 |    653 |   1 |  794.0 |
               +--------+--------+--------+--------+--------+-----+--------+

Top non-repeatable levels by time:
     D:1: 794 daAuts
